 Dungeon Crawl Stone Soup version 0.22-a0-388-g09e6169 (webtiles) character file.

1639 Kairos the Chopper (level 8, -3/42 HPs)
             Began as a Vine Stalker Fighter on Apr 29, 2018.
             Was a Follower of Okawaru.
             Slain by an orc warrior
             ... wielding a +0 dire flail
              (12 damage)
             ... on level 5 of the Dungeon.
             The game lasted 00:11:49 (4724 turns).

Kairos the Chopper (Vine Stalker Fighter)           Turns: 4724, Time: 00:11:50

Health: -3/42      AC: 16    Str: 20    XL:     8   Next: 99%
Magic:  0/9        EV:  9    Int:  8    God:    Okawaru [*.....]
Gold:   392        SH:  0    Dex: 19    Spells: 7/7 levels left

rFire    . . .     SeeInvis .   L - +3 quarterstaff of Megalomania {pain, Dex+4}
rCold    . . .     Gourm    .   (shield currently unavailable)
rNeg     . . .     Faith    .   B - +0 chain mail
rPois    .         Spirit   +   z - +0 helmet
rElec    .         Reflect  .   (no cloak)
rCorr    .         Harm     .   j - +0 pair of gloves
MR       +....                  (no boots)
Stlth    ..........             p - amulet of the acrobat
HPRegen  0.54/turn              e - +5 ring of protection
MPRegen  0.11/turn              (no ring)

@: no status effects
A: fangs 3, regeneration 1, magic shield, antimagic bite, no potion heal 3, rot
immunity
a: Heroism, Renounce Religion


You were on level 5 of the Dungeon.
You worshipped Okawaru.
Okawaru was aware of your devotion.
You were not hungry.

You visited 2 branches of the dungeon, and saw 7 of its levels.

You collected 392 gold pieces.

Inventory:

Hand Weapons
 a - a +0 war axe
 L - the +3 quarterstaff of Megalomania (weapon) {pain, Dex+4}
   (You found it on level 5 of the Dungeon)

   In the hands of one skilled in necromantic magic, it inflicts extra damage on
   living creatures.
   It affects your dexterity (+4).
Armour
 b - a +0 scale mail
 c - a +0 shield
 j - a +0 pair of gloves (worn)
 r - a +2 buckler
 z - a +0 helmet (worn)
 B - a +0 chain mail (worn)
 J - the +1 leather armour "Junabb" {Int+6}
   (You found it on level 5 of the Dungeon)

   It affects your intelligence (+6).
Jewellery
 e - a +5 ring of protection (left hand)
 p - an amulet of the acrobat (around neck)
Wands
 u - a wand of iceblast (4)
 I - a wand of flame (10)
 K - a wand of paralysis (16)
Scrolls
 g - 7 scrolls of identify
 i - 2 scrolls of immolation
 n - 3 scrolls of magic mapping
 o - 3 scrolls of remove curse
 t - a scroll of noise {unknown}
 w - 2 scrolls of teleportation {unknown}
 y - 3 scrolls of enchant armour {unknown}
 A - a scroll of random uselessness {unknown}
 D - a scroll of amnesia {unknown}
 E - a scroll of fog {unknown}
 F - a scroll of fear {unknown}
 G - 2 scrolls of enchant weapon {unknown}
 H - a scroll of torment {unknown}
Potions
 d - 2 potions of might
 h - a potion of cancellation {unknown}
 k - 2 potions of ambrosia {unknown}
 l - 5 potions of brilliance {unknown}
 m - 3 potions of curing {unknown}
 q - 2 potions of flight {unknown}
 s - a potion of resistance {unknown}
 v - 5 potions of heal wounds {unknown}
 x - a potion of invisibility {unknown}
 C - a potion of magic {unknown}
Comestibles
 f - 10 rations


   Skills:
 + Level 4.5 Fighting
 + Level 7.0 Axes
 + Level 2.4 Staves
 + Level 4.0 Armour
 + Level 2.2 Dodging
 + Level 0.8 Stealth
 + Level 4.2 Shields
 + Level 0.7 Evocations


You had 7 spell levels left.
You didn't know any spells.

Dungeon Overview and Level Annotations

Branches:
Dungeon (6/15)             Temple (1/1) D:5

Altars:
Ashenzari
Cheibriados
Dithmenos
Elyvilon
Fedhas
Hepliaklqana
Kikubaaqudgha
Makhleb
Nemelex Xobeh
Okawaru
Qazlal
Ru
Sif Muna
Trog
Uskayaw
Vehumet
Wu Jian
Xom
Yredelemnul
Zin
The Shining One

Shops:
D:4 =


Innate Abilities, Weirdness & Mutations

You have razor-sharp teeth.
Your natural rate of healing is unusually fast.
When hurt, damage is shared between your health and your magic reserves.
Your bite disrupts and absorbs the magic of your enemies.
Potions cannot restore your health.
You are immune to rotting.


Message History

You see here a tomahawk.
The bullfrog skeleton hits you but does no damage.
The orc throws a tomahawk.
The tomahawk closely misses you.
The orc warrior hits you with a dire flail!
The bullfrog skeleton closely misses you.
You climb upwards.
There is a stone staircase leading down here.
You completely miss the orc warrior. You bite the orc warrior.
You drain its power.
You feel invigorated.
The orc warrior is lightly wounded.
The orc warrior hits you with a dire flail!
You sock the orc warrior!
You bite the orc warrior, but do no damage.
The orc warrior is heavily wounded.
The orc warrior hits you with a dire flail!
* * * LOW HITPOINT WARNING * * *
You hit the orc warrior but do no damage.
The orc warrior is heavily wounded.
The orc warrior hits you with a dire flail!
You die...

##### #...# #...#### ###......#
.........####
####........####################
..........^[....@o.#.......#...#
........#...##.###....####.#.#.#
...###..#...##.#......#....#.#.#
#....#..#...##.#......#....#.#(#
#..#.#..#...##.#......#..#.#.#.#
...#.#..#.####.#.....##..#...#.#
...#.#...........)...##..#####.#
.###.###..#####......##........#
..........# #.#######.########


You could see an orc warrior.

Vanquished Creatures
  The ghost of VDreamerV the Changer, an amateur OpTm of Cheibriados (D:4)
  An orc warrior (D:6)
  A sky beast (D:4)
  2 ice beasts
  2 ogres (D:5)
  A centaur (D:6)
  A bullfrog (D:6)
  A water moccasin zombie (D:5)
  4 wights (D:6)
  2 crimson imps (D:6)
  3 orc priests (D:4)
  A hound (D:6)
  An orc wizard (D:3)
  A bullfrog skeleton (D:5)
  5 worker ants
  A hound skeleton (D:6)
  A gnoll (D:1)
  6 adders
  2 oozes (D:2)
  An adder skeleton (D:5)
  7 worms
  A dart slug (D:2)
  6 leopard geckos
  16 orcs
  3 ball pythons
  5 goblins
  16 hobgoblins
  2 jackals (D:1)
  4 kobolds
  4 quokkas
  11 bats
  5 frilled lizards
  A jackal skeleton (D:4)
  A quokka skeleton (D:4)
  6 rats
126 creatures vanquished.

Notes
Turn   | Place    | Note
-------+----------+-------------------------------------------
     0 | D:1      | Kairos the Vine Stalker Fighter began the quest for the Orb.
     0 | D:1      | Reached XP level 1. HP: 11/11 MP: 2/2
   207 | D:1      | Reached skill level 2 in Axes
   207 | D:1      | Reached XP level 2. HP: 15/16 MP: 3/3
   587 | D:1      | Reached XP level 3. HP: 16/19 MP: 4/4
  1076 | D:2      | Gained mutation: Your natural rate of healing is unusually fast. [Vine Stalker growth]
  1076 | D:2      | Reached XP level 4. HP: 16/23 MP: 5/5
  1793 | D:3      | Reached skill level 3 in Axes
  2107 | D:3      | Noticed a moth of wrath
  2111 | D:3      | Found a bloodstained altar of Trog.
  2133 | D:3      | Reached XP level 5. HP: 26/28 MP: 4/6
  2336 | D:3      | Reached skill level 1 in Dodging
  2918 | D:4      | Noticed VDreamerV's ghost (amateur OpTm)
  2931 | D:4      | Killed VDreamerV's ghost
  2931 | D:4      | Reached skill level 4 in Axes
  2931 | D:4      | Reached XP level 6. HP: 24/32 MP: 7/7
  3086 | D:4      | Reached XP level 7. HP: 32/36 MP: 6/8
  3133 | D:4      | Found Wudera's Jewellery Emporium.
  3412 | D:5      | Entered Level 5 of the Dungeon
  3436 | D:5      | Reached skill level 5 in Axes
  3629 | D:4      | Gained mutation: You have razor-sharp teeth. [Vine Stalker growth]
  3629 | D:4      | Reached XP level 8. HP: 40/42 MP: 9/9
  3689 | D:5      | Reached skill level 6 in Axes
  3759 | D:5      | Got an aquamarine-encrusted leather armour
  3770 | D:5      | Identified the cursed +1 leather armour "Junabb" {Int+6} (You found it on level 5 of the Dungeon)
  3834 | D:5      | Found a staircase to the Ecumenical Temple.
  3844 | Temple   | Entered the Ecumenical Temple
  4021 | Temple   | Became a worshipper of Warmaster Okawaru
  4086 | D:5      | Got a faintly glowing quarterstaff
  4092 | D:5      | Identified the +3 quarterstaff of Megalomania {pain, Dex+4} (You found it on level 5 of the Dungeon)
  4178 | D:6      | Reached skill level 1 in Staves
  4239 | D:6      | Reached * piety under Okawaru
  4574 | D:6      | Reached skill level 7 in Axes
  4724 | D:5      | Slain by an orc warrior

Vault maps used:
D:1:      dpeg_arrival_court
D:2:      first_ration
D:3:      serial_bayou, serial_bayou_pond_d, serial_bayou_ford_a,
          serial_bayou_lagoon_a, serial_bayou_crossing, kennysheep_cross_room,
          tgw_trog
D:4:      serial_shops, nicolae_shop_stone, minmay_vboxes
D:5:      minmay_temple_entry_statues_fountains
D:6:      cheibrodos_helix_gallery, minmay_checkerbox
Temple:   minmay_crystal_snake_temple

Skill      XL: |  1  2  3  4  5  6  7  8 |
---------------+-------------------------+-----
Axes           | 2 3 4 5 7 |  7.0
Shields        | 3 4 |  4.2
Fighting       | 3 4 |  4.5
Armour         | 3 4 |  4.0
Dodging        | 1 2 |  2.2
Staves         | 2 |  2.4
Stealth        | |  0.8
Evocations     | |  0.7

Action                   |  1- 3 |  4- 6 |  7- 9 || total
-------------------------+-------+-------+-------++-------
Melee: War axe           |    85 |   210 |    83 ||   378
       Bite              |    25 |    52 |    54 ||   131
       Quarterstaff      |       |       |    62 ||    62
Evoke: Wand              |       |       |     5 ||     5
  Use: Scroll            |       |       |     3 ||     3
  Eat: Chunk             |       |     8 |     4 ||    12
       Ration            |       |       |     1 ||     1
Armor: Scale mail        |    56 |    97 |       ||   153
       Chain mail        |       |    15 |    44 ||    59
       Leather armour    |       |       |    23 ||    23
Dodge: Dodged            |    29 |    69 |    91 ||   189
Block: Shield            |    49 |    31 |       ||    80
       Buckler           |       |    43 |    23 ||    66

Table legend:
 A = Spawn XP
 B = Non-spawn XP
 C = Spawn XP percentage of total XP
 D = Spawn monster count
 E = Non-spawn monster count
 F = Spawn count percentage of total count
 G = Total turns spent on level
                    A         B        C        D         E        F      G
               +---------+---------+-------+---------+---------+-------+---------
         Total |       0 |    2342 |   0.0 |       0 |     126 |   0.0 |  4724
               +---------+---------+-------+---------+---------+-------+---------
           D:1 |       0 |      47 |   0.0 |       0 |      19 |   0.0 |   986
           D:2 |       0 |      84 |   0.0 |       0 |      29 |   0.0 |   814
           D:3 |       0 |     123 |   0.0 |       0 |      29 |   0.0 |   935
           D:4 |       0 |     652 |   0.0 |       0 |      20 |   0.0 |   717
           D:5 |       0 |     521 |   0.0 |       0 |       8 |   0.0 |   494
           D:6 |       0 |     915 |   0.0 |       0 |      21 |   0.0 |   580
               +---------+---------+-------+---------+---------+-------+---------
